 Dungeon Crawl Stone Soup version 0.27.1-33-g824d729ab1 (webtiles) character file.

Game seed: 16782867809781041892

1368 safid the Cleaver (level 8, 0/66 HPs)
             Began as a Hill Orc Fighter on Dec 22, 2021.
             Was a Follower of Beogh.
             Splashed by a jelly's acid (11 damage)
             ... on level 6 of the Dungeon.
             The game lasted 00:09:53 (5712 turns).

safid the Cleaver (Hill Orc Fighter)                Turns: 5712, Time: 00:09:53

Health: 0/66       AC: -2    Str: 21    XL:     8   Next: 65%
Magic:  8/8        EV: 12    Int:  8    God:    Beogh [*.....]
Gold:   259        SH: 11    Dex: 10    Spells: 7/7 levels left

rFire    + . .     SeeInvis .   a - +0 war axe
rCold    . . .     Faith    .   c - +0 kite shield
rNeg     . . .     Spirit   .   b - +0 scale mail
rPois    .         Reflect  .   (no helmet)
rElec    .         Harm     .   (no cloak)
rCorr    .         Rampage  .   u - +0 pair of gloves
Will     .....                  s - +0 pair of boots
Stlth    ..........             (no amulet)
HPRegen  0.21/turn              p - +4 ring of evasion
MPRegen  0.11/turn              r - ring of protection from fire

@: corroded
A: no striking features
a: Renounce Religion


You were on level 6 of the Dungeon.
You worshipped Beogh.
Beogh was aware of your devotion.
You visited 1 branch of the dungeon, and saw 6 of its levels.

You collected 259 gold pieces.

Inventory:

Hand Weapons
 a - a +0 war axe (weapon)
Missiles
 g - 5 poisoned darts (quivered)
 x - 2 throwing nets
Armour
 b - a +0 scale mail (worn)
 c - a +0 kite shield (worn)
 s - a +0 pair of boots (worn)
 u - a +0 pair of gloves (worn)
Jewellery
 o - a ring of magical power
 p - a +4 ring of evasion (left hand)
 r - a ring of protection from fire (right hand)
Wands
 y - a wand of polymorph (2)
Scrolls
 j - 2 scrolls of blinking
 m - a scroll of fear
 t - a scroll of noise {unknown}
 v - a scroll of enchant armour {unknown}
Potions
 d - a potion of might
 e - 2 potions of heal wounds
 f - a potion of haste {unknown}
 l - 2 potions of resistance {unknown}
 n - 2 potions of invisibility {unknown}
 q - a potion of flight {unknown}
 w - a potion of curing {unknown}


   Skills:
 - Level 4.0 Fighting
 + Level 9.6 Axes
 - Level 4.0 Armour
 + Level 8.4 Shields


You had 7 spell levels left.
You didn't know any spells.
Your spell library contained the following spells:

 Spells                   Type           Power      Damage    Failure   Level
 Shock                    Conj/Air       0%         1d3       95%         1
 Passwall                 Tmut/Erth      0%         N/A       99%         2
 Portal Projectile        Hex/Tloc       0%         N/A       100%        3
 Swiftness                Air            0%         N/A       100%        3
 Airstrike                Air            0%         N/A       100%        4
 Blade Hands              Tmut           0%         N/A       100%        5
 Excruciating Wounds      Necr           0%         N/A       100%        5
 Conjure Ball Lightning   Conj/Air       0%         3x3d6     100%        6
 Invisibility             Hex            0%         N/A       100%        6
 Discord                  Hex            0%         N/A       100%        8
 Disjunction              Tloc           0%         N/A       100%        8


Dungeon Overview and Level Annotations

Branches:
Dungeon (6/15)             Temple (0/1) D:6

Altars:
Cheibriados
Dithmenos

Shops:
D:5 =

Annotations:
D:2 1 runed translucent door, Crazy Yiuf


Message History

The hound is almost dead.
You slash the jelly!
Your hands burn!
You hit the orc priest but do no damage.
The hound completely misses you.
The jelly jiggles.
You block the jelly's attack. You block the orc priest's attack.
The hound bites you.
You closely miss the hound.
The hound is almost dead.
You hit the jelly. The acid corrodes you!
Your hands burn!
You hit the orc priest but do no damage.
The hound bites you but does no damage. The jelly hits you but does no damage.
The orc priest hits you with a +0 flail.
You hit the jelly but do no damage.
Your hands burn!
The jelly is almost dead.
You hit the orc priest but do no damage.
You hit the hound.
You kill the hound!
Beogh accepts your kill. The jelly hits you.
You are splashed with acid!
The orc priest calls down the wrath of Beogh upon you.
Beogh smites you!
* * * LOW HITPOINT WARNING * * *
You are too injured to fight recklessly!
You hit the jelly but do no damage.
Your hands burn!
* * * LOW HITPOINT WARNING * * *
The jelly is almost dead.
You hit the orc priest but do no damage.
The jelly hits you but does no damage.
The orc priest hits you with a +0 flail!
* * * LOW HITPOINT WARNING * * *
It was a potion of heal wounds.
You feel much better. The jelly hits you. The acid corrodes you!
You are splashed with acid!
* * * LOW HITPOINT WARNING * * *
You block the orc priest's attack.
Found a scroll of identify.
The jelly hits you.
* * * LOW HITPOINT WARNING * * *
The acid corrodes you!
You are splashed with acid!
You die...

.)... ####### ......
?.....###+# #.#.#. .
#....#...#......
..###........##...##
.......#.....##....#
..........J@.<.....+
..........o........# .
#.).>............#+###..
.....#†.................
.... +..................
. #..................
+...............##.
#...............#
#...............#


You could see a jelly and an orc priest.

Vanquished Creatures
  A centaur zombie (D:5)
  An ogre (D:5)
  A centaur (D:5)
  A phantom (D:5)
  A wyvern zombie (D:6)
  A scorpion (D:5)
  2 wyvern skeletons
  2 howler monkeys (D:4)
  A hound (D:6)
  2 orc priests (D:5)
  An iguana (D:5)
  Terence (D:3)
  3 orc wizards
  7 gnolls
  9 adders
  2 worms (D:2)
  4 dart slugs
  8 orcs
  6 endoplasms
  4 giant cockroaches
  8 goblins
  6 hobgoblins
  6 jackals
  4 kobolds
  5 quokkas
  7 ball pythons
  A bat (D:2)
  2 frilled lizards (D:2)
  4 rats
101 creatures vanquished.

Vanquished Creatures (others)
  A dart slug (D:3)
  An orc (D:3)
  A jackal (D:3)
  A quokka (D:3)
  A ball python (D:3)
  2 plants (D:4)
7 creatures vanquished.

Grand Total: 108 creatures vanquished

Notes
Turn   | Place    | Note
-------+----------+-------------------------------------------
     0 | D:1      | safid the Hill Orc Fighter began the quest for the Orb.
     0 | D:1      | Reached XP level 1. HP: 19/19 MP: 1/1
   381 | D:1      | Reached skill level 3 in Axes
   381 | D:1      | Reached XP level 2. HP: 23/27 MP: 2/2
   791 | D:1      | Reached XP level 3. HP: 32/33 MP: 3/3
  1389 | D:2      | Reached XP level 4. HP: 40/40 MP: 4/4
  1406 | D:2      | Reached skill level 4 in Axes
  2216 | D:2      | Reached XP level 5. HP: 46/46 MP: 5/5
  2261 | D:2      | Found a runed translucent door.
  2262 | D:2      | Noticed Crazy Yiuf
  2461 | D:3      | Found a snail-covered altar of Cheibriados.
  2463 | D:3      | Became a worshipper of Beogh the Brigand
  2555 | D:3      | Noticed Terence
  2576 | D:3      | Killed Terence
  2590 | D:3      | Reached skill level 5 in Axes
  3384 | D:4      | Reached skill level 5 in Shields
  3448 | D:4      | Reached XP level 6. HP: 38/52 MP: 6/6
  3664 | D:4      | Reached * piety under Beogh
  3846 | D:4      | Found a shadowy altar of Dithmenos.
  3900 | D:4      | Reached skill level 6 in Axes
  4265 | D:5      | Entered Level 5 of the Dungeon
  4438 | D:5      | Found Leodesue's Jewellery Boutique.
  4482 | D:5      | Reached XP level 7. HP: 45/59 MP: 7/7
  4507 | D:5      | Reached skill level 7 in Axes
  4969 | D:5      | Reached skill level 8 in Axes
  5083 | D:5      | Reached XP level 8. HP: 63/66 MP: 8/8
  5131 | D:5      | Reached skill level 9 in Axes
  5693 | D:6      | Found a staircase to the Ecumenical Temple.
  5707 | D:6      | HP: 2/66 [orc priest (7)]
  5712 | D:6      | Splashed by a jelly's acid

Illustrated notes

Levels and vault maps discovered:
D:1:      dpeg_arrival_shelter, layout_basic
D:2:      layout_basic, uniq_crazy_yiuf_cottage
D:3:      layout_loops_ring, mainiacjoe_overflow_catwalk, uniq_terence
D:4:      layout_gridville, general_overflow_altar, guppyfry_early_lair_pool
D:5:      layout_loops_cross, serial_shops, shop
D:6:      layout_basic, lemuel_blue_sif_altar, minmay_temple_entry_proselytizer,
          kennysheep_big_empty_room

Skill      XL: |  1  2  3  4  5  6  7  8 |
---------------+-------------------------+-----
Axes           | 3 4 5 6 8 9 |  9.6
Fighting       | 4 |  4.0
Armour         | 4 |  4.0
Shields        | 4 5 6 7 8 |  8.4

Action                   |  1- 3 |  4- 6 |  7- 9 || total
-------------------------+-------+-------+-------++-------
Melee: War axe           |    77 |   204 |    94 ||   375
Invok: Convert to Beogh  |       |     1 |       ||     1
  Use: Scroll            |       |       |     4 ||     4
       Potion            |       |       |     1 ||     1
Armor: Scale mail        |    28 |    73 |    42 ||   143
Dodge: Dodged            |    18 |    77 |    57 ||   152
Block: Kite shield       |    31 |   101 |    72 ||   204
